 Dungeon Crawl Stone Soup version 0.17-a0-1701-gf693a3f (webtiles) character file.

91 M4edhros the Sneak (level 4, 0/28 HPs)
             Began as an Octopode Artificer on Aug 21, 2015.
             Slain by a gnoll
             ... wielding a +0 spear
              (8 damage)
             ... on level 3 of the Dungeon.
             The game lasted 00:01:54 (930 turns).

M4edhros the Sneak (Octopode Artificer)              Turns: 930, Time: 00:01:55

Health: 0/28       AC:  1    Str: 10    XL:     4   Next: 57%
Magic:  6/6        EV: 13    Int: 19    God:
Gold:   52         SH:  0    Dex: 13    Spells: 0 memorised, 3 levels left

rFire  . . .     SeeInvis .     h - +0 spear
rCold  . . .     Clarity  .     (no shield)
rNeg   . . .     SustAt   .     (helmet restricted)
rPois  .         Gourm    .     (no amulet)
rElec  .         Spirit   .     (no ring)
rCorr  .         Warding  .     (no ring)
rMut   .         Stasis   .     (no ring)
MR     .....                    (no ring)
Stlth  ++++......               (no ring)
                                (no ring)
                                (no ring)
                                (no ring)

@: brilliant, lethally poisoned (0 -> -16), not resistant to hostile
enchantments, stealthy
A: almost no armour, amphibious, 8 rings, constrict 8, camouflage 1, gelatinous
body 1
a: no special abilities


You were on level 3 of the Dungeon.
You were not hungry.

You visited 1 branch of the dungeon, and saw 4 of its levels.

You collected 52 gold pieces.

Inventory:

Hand weapons
 a - a +0 short sword
 h - a +0 spear (weapon)
 i - a cursed -1 dagger
Magical devices
 b - a wand of flame (15)
 c - a wand of enslavement (8)
 d - a wand of random effects (15)
Scrolls
 g - 2 scrolls of remove curse {unknown}
 k - a scroll of amnesia {unknown}
 l - a scroll of fear {unknown}
 m - a scroll of enchant armour {unknown}
 o - 2 scrolls of identify {unknown}
Comestibles
 e - 3 bread rations
 f - a meat ration
 p - a beef jerky


   Skills:
 - Level 1.0 Fighting
 - Level 1.0 Short Blades
 + Level 1.9 Polearms
 + Level 2.9 Dodging
 + Level 4.1 Stealth
 - Level 3.2 Evocations


You had 3 spell levels left.
You didn't know any spells.

Dungeon Overview and Level Annotations

Branches:
Dungeon (4/15)
 Temple: D:4-7

Altars:


Innate Abilities, Weirdness & Mutations

You cannot wear most types of armour.
You are amphibious.
You can wear up to eight rings at the same time.
You can use your tentacles to constrict eight enemies at once.
Your skin changes colour to match your surroundings (Stealth).
Your rubbery body absorbs attacks (AC +1).


Message History

Aim: a gnoll, wielding a spear Attack!
Your gnoll hits the gnoll with a spear. The gnoll closely misses your gnoll.
Your gnoll barely misses the gnoll.
The gnoll hits your gnoll with a spear!
Your gnoll completely misses the gnoll.
Your gnoll closely misses the gnoll.
Your gnoll hits the gnoll with a spear!
The gnoll dies!
Drink which item? (? for menu, Esc to quit)
It was a potion of brilliance.
You feel clever all of a sudden. The gnoll closely misses you.
Drink which item? (? for menu, Esc to quit)
It was a potion of poison.
That liquid tasted very nasty...
You are lethally poisoned!
* * * LOW HITPOINT WARNING * * *
You feel sick.
Your gnoll hits the gnoll but does no damage.
The gnoll hits you from afar with a spear!
You die...

## .. #. #.. ####
#..############## #...
###........g.g.@..# #...
#.......)..######.######### #...
>$....?.....+............†.###...
............####.#.#######...'...
..###+####### #)#.#######.###...
. #######.#.#........#####
#.......#.#.####...#
...#####.#.#.# #...##### #.#.#.#
#.).)..†.


You could see a gnoll and a friendly gnoll.

Vanquished Creatures
  Ijyb (D:2)
  An orc wizard (D:3)
  An adder (D:2)
  3 worms
  A giant gecko (D:1)
  3 orcs (D:3)
  5 bats
  A giant cockroach (D:1)
  2 hobgoblins
  A quokka (D:3)
  2 giant newts (D:3)
  A goblin (D:1)
  4 kobolds
  7 rats
33 creatures vanquished.

Vanquished Creatures (collateral kills)
  A gnoll (D:3)
  2 orcs (D:3)
3 creatures vanquished.

Grand Total: 36 creatures vanquished

Notes
Turn   | Place    | Note
--------------------------------------------------------------
     0 | D:1      | M4edhros the Octopode Artificer began the quest for the Orb.
     0 | D:1      | Reached XP level 1. HP: 13/13 MP: 3/3
   156 | D:1      | Reached XP level 2. HP: 18/18 MP: 4/4
   342 | D:2      | Reached skill level 1 in Polearms
   348 | D:2      | Reached XP level 3. HP: 23/23 MP: 5/5
   401 | D:2      | Noticed Ijyb
   409 | D:2      | Killed Ijyb
   409 | D:2      | Reached XP level 4. HP: 20/28 MP: 6/6
   859 | D:3      | Reached skill level 4 in Stealth
   930 | D:3      | Slain by a gnoll

Vault maps used:
D:1:      dpeg_arrival_tiny_f
D:2:      first_bread, uniq_iyjb
D:3:      minitemple, st_stairs_11
D:4:      overflow_temple_1_default

Action                   |  1- 3 |  4- 6 || total
-------------------------+-------+-------++-------
Melee: Short sword       |     5 |       ||     5
       Spear             |    31 |    41 ||    72
Evoke: Wand              |       |     7 ||     7
  Use: Potion            |       |     2 ||     2
 Stab: Sleeping          |     7 |     3 ||    10
       Distracted        |       |     1 ||     1
